 Dungeon Crawl Stone Soup version 0.31-a0-1074-g0b22e4e0f1 (webtiles) character file.

Game seed: 14467324351894136303

253 lunkers the Ruffian (level 6, -1/70 HPs)
             Began as a Meteoran Shapeshifter on Dec 7, 2023.
             Frozen to death by an endoplasm (4 damage)
             ... on level 4 of the Dungeon on Dec 8, 2023.
             The game lasted 00:02:53 (1005 turns).

lunkers the Ruffian (Meteoran Shapeshifter)         Turns: 1005, Time: 00:02:54

Health: -1/70      AC: 23    Str: 17    XL:     6   Next: 64%
Magic:  7/7        EV:  2    Int: 11    God:
Gold:   90         SH:  0    Dex: 15    Spells: 5/5 levels left

rFire   . .          .
                       - Unarmed
rCold   . . .        (no shield)
rNeg    . . .        k - melded +0 scale mail
rPois   +            (helmet currently unavailable)
rElec   .            (cloak currently unavailable)
rCorr   .            (gloves currently unavailable)
SInv    .            (boots currently unavailable)
Will    .....        (no amulet)
Stlth   +            (no ring)
HPRegen 0.31/turn    (no ring)
MPRegen 0.10/turn

%: no passive effects
@: tree-form (expiring), glowing
A: stationary, stasis, torment immunity, boosted hp, sense surroundings 1,
otherworldly, glowing, explore regen
a: no special abilities


You were on level 4 of the Dungeon.
You were a tree.
You visited 1 branch of the dungeon, and saw 5 of its levels.

You collected 90 gold pieces.

Inventory:

Armour
 a - a +0 animal skin
 g - a +0 ring mail
 k - a +0 scale mail (melded)
 n - a +0 cloak
Jewellery
 m - a ring of resist corrosion
Talismans
 c - a beast talisman
 d - a flux talisman
Scrolls
 f - 6 scrolls of identify
 h - a scroll of enchant armour {unknown}
 j - a scroll of brand weapon {unknown}
 l - a scroll of revelation {unknown}
Potions
 e - a potion of mutation
 i - a potion of curing


   Skills:
 - Level 1.1 Fighting
 - Level 2.1 Dodging
 * Level 6.9 Unarmed Combat
 + Level 5.2 Shapeshifting


You had 5 spell levels left.
You didn't know any spells.
Your spell library contained the following spells:

 Spells                   Type           Power      Damage    Failure   Level
 Ensorcelled Hibernation  Hex/Ice        0%         N/A       47%         2
 Passwall                 Tmut/Erth      0%         N/A       47%         2
 Swiftness                Air            0%         N/A       71%         3


Dungeon Overview and Level Annotations

Branches:
Dungeon (5/15) Zot: 2010
 Temple: D:4-7

Altars:
Fedhas


Innate Abilities, Weirdness & Mutations

You are a tree.
Your roots penetrate the ground, keeping you stationary.
You cannot be teleported.
You are immune to unholy pain and torment.
Your maximum health is greatly increased.
Your equipment is partially melded.
You passively map a small area around you.
You are easily found by Zot.
You glow in the dark.
You regain HP and MP as you explore.


Message History

The hobgoblin hits you.
* * * LOW HITPOINT WARNING * * *
The goblin hits you but does no damage.
Okay, then.
You barely miss the hobgoblin.
The hobgoblin is heavily wounded.
The goblin barely misses you.
The hobgoblin hits you but does no damage.
The goblin barely misses you.
The endoplasm hits you but does no damage.
The hobgoblin hits you.
* * * LOW HITPOINT WARNING * * *
The goblin hits you but does no damage.
Unknown command.
You barely miss the hobgoblin.
The hobgoblin is heavily wounded.
The goblin hits you but does no damage.
Unknown command.
Unknown command.
You smack the goblin!
You kill the goblin!
The goblin hits you but does no damage.
The endoplasm hits you but does no damage.
The hobgoblin hits you but does no damage.
The goblin hits you but does no damage.
The hobgoblin hits you but does no damage.
Unknown command.
You smack the goblin!
You kill the goblin!
The hobgoblin hits you but does no damage.
The endoplasm hits you but does no damage.
The goblin hits you but does no damage.
The hobgoblin hits you but does no damage.
Unknown command.
You hit the goblin.
The goblin is severely wounded.
The goblin hits you but does no damage. The endoplasm freezes you.
You are frozen.
You die...

,..#[.......$.......
,...................,
, ...................
...#....?....?.... ,
#................
###...............
##........J))......
.......>.)g♣g...).. ,
..........gg#.....#
.....####..## .#### *
...# * ...... .. .. *
#.###.## ## . ...*
*g#, * * ... g# , ,
... , .g , , , ,


You could see an endoplasm, 2 hobgoblins and 2 goblins.

Vanquished Creatures
  2 scorpions
  An iguana (D:5)
  Robin (D:4)
  4 adders
  2 shadow imps (D:5)
  A worm (D:2)
  A dart slug (D:1)
  2 orcs
  5 endoplasms
  2 giant cockroaches (D:1)
  12 goblins
  5 hobgoblins
  3 quokkas
  3 ball pythons
  A bat (D:2)
  2 frilled lizards
  3 kobolds
  A rat (D:1)
51 creatures vanquished.

Notes
Turn   | Place    | Note
-------+----------+-------------------------------------------
     0 | D:1      | lunkers the Meteoran Shapeshifter began the quest for the
                  | Orb.
     0 | D:1      | Reached XP level 1. HP: 16/16 MP: 2/2
    68 | D:1      | Reached XP level 2. HP: 18/23 MP: 3/3
   152 | D:1      | Reached skill level 4 in Unarmed Combat
   231 | D:1      | HP: 1/23 [dart slug (2)]
   233 | D:1      | Reached XP level 3. HP: 2/28 MP: 4/4
   504 | D:1      | Glimpsed the power of Zot.
   626 | D:2      | Reached XP level 4. HP: 35/35 MP: 5/5
   630 | D:2      | Reached skill level 5 in Unarmed Combat
   846 | D:3      | You fall into a shaft and drop 2 floors!
   846 | D:5      | Entered Level 5 of the Dungeon
   859 | D:5      | Reached XP level 5. HP: 32/40 MP: 6/6
   945 | D:5      | Found a blossoming altar of Fedhas.
   962 | D:5      | Reached skill level 6 in Unarmed Combat
   962 | D:5      | Reached XP level 6. HP: 35/47 MP: 7/7
   974 | D:4      | Noticed Robin
   983 | D:4      | Reached skill level 5 in Shapeshifting
   986 | D:4      | Killed Robin
  1000 | D:4      | HP: 3/70 [hobgoblin[Robin] (2)]
  1005 | D:4      | Frozen to death by an endoplasm

Illustrated notes

Levels and vault maps discovered:
D:1:      lightli_arrival_statue_moat, layout_basic
D:2:      layout_basic
D:3:      layout_loops_ring, serial_shops, shop, ebering_ghost_gozag,
          serial_bayou_pond_b, uniq_terence
D:4:      layout_rooms, serial_shops, shop, minmay_misc_feat_nine_boxes,
          minmay_goblin_outpost, uniq_robin, uniq_crazy_yiuf_cottage
D:5:      old_forge, layout_loops_ring, mainiacjoe_overflow_six_doors_small,
          nicolae_gozag_zags_fifth_avenue, serial_shops,
          nicolae_shop_real_fake_doors, serial_library_hellmonk_open_square,
          minmay_misc_feat_four_crosses

Skill      XL: |  1  2  3  4  5  6 |
---------------+-------------------+-----
Unarmed Combat | 4 5 6 |  6.9
Shapeshifting  | 4 5 |  5.2
Fighting       | |  1.1
Dodging        | |  2.1

Action                     |  1- 3 |  4- 6 || total
---------------------------+-------+-------++-------
  Melee: Unarmed           |    66 |    90 ||   156
         Punch             |     2 |       ||     2
    Use: Scroll            |     1 |     1 ||     2
         Potion            |       |     1 ||     1
 Armour: Animal skin       |    20 |       ||    20
         Ring mail         |    11 |     2 ||    13
         Scale mail        |       |    50 ||    50
         Skin              |       |    91 ||    91
  Dodge: Dodged            |    30 |    47 ||    77

Table legend: (Time is in decaauts)
 A = Elapsed time spent in this place.
 B = Non-inter-level travel time spent in this place.
 C = Inter-level travel time spent in this place.
 D = Time resting spent in this place.
 E = Time spent auto-exploring this place.
 F = Levels seen in this place.
 G = Mean time per level.
                   A        B        C        D        E       F      G
               +--------+--------+--------+--------+--------+-----+--------+
         Total |    988 |    988 |      0 |      0 |    605 |   5 |  197.6 |
       Dungeon |    988 |    988 |      0 |      0 |    605 |   5 |  197.6 |
               +--------+--------+--------+--------+--------+-----+--------+

Top non-repeatable levels by time:
     D:1: 517 daAuts
     D:2: 295 daAuts
     D:5: 120 daAuts
     D:4: 30 daAuts
     D:3: 25 daAuts
